 Dungeon Crawl Stone Soup version 0.21.1-1-g345015f (webtiles) character file.

95 rrrobi the Chopper (level 4, -2/39 HPs)
             Began as a Minotaur Berserker on Apr 5, 2018.
             Was a Believer of Trog.
             Killed from afar by Sigmund (5 damage)
             ... with a puff of flame
             ... on level 2 of the Dungeon.
             The game lasted 00:34:14 (2732 turns).

rrrobi the Chopper (Minotaur Berserker)             Turns: 2732, Time: 00:34:15

Health: -2/39      AC:  2    Str: 21    XL:     4   Next: 40%
Magic:  3/3        EV: 12    Int:  4    God:    Trog [**....]
Gold:   44         SH:  0    Dex: 11    Spells: 3/3 levels left

rFire    . . .     SeeInvis .   a - +0 hand axe
rCold    . . .     Gourm    .   (no shield)
rNeg     . . .     Faith    .   b - +0 animal skin
rPois    .         Spirit   .   (helmet restricted)
rElec    .         Reflect  .   (no cloak)
rCorr    .         Harm     .   (no gloves)
MR       .....                  (no boots)
Stlth    +.........             (no amulet)
HPRegen  0.13/turn              (no ring)
MPRegen  0.08/turn              (no ring)

@: no status effects
A: retaliatory headbutt, horns 2
a: Berserk, Trog's Hand, Burn Spellbooks, Renounce Religion


You were on level 2 of the Dungeon.
You worshipped Trog.
Trog was pleased with you.
You were hungry.

You visited 1 branch of the dungeon, and saw 2 of its levels.

You collected 44 gold pieces.

Inventory:

Hand Weapons
 a - a +0 hand axe (weapon)
 i - a +0 hunting sling
Missiles
 e - 57 stones (quivered)
 g - 12 sling bullets
Armour
 b - a +0 animal skin (worn)
 d - a +0 chain mail
Jewellery
 k - an uncursed ring of flight {unknown}
Wands
 l - a wand of flame (38)
Scrolls
 f - 3 scrolls of immolation {unknown}
 h - a scroll of random uselessness {unknown}
 n - a scroll of remove curse {unknown}
Potions
 m - a potion of curing {unknown}
Comestibles
 c - 4 rations
 j - a chunk of flesh


   Skills:
 - Level 3.6 Fighting
 * Level 6.3 Axes
 - Level 2.4 Armour
 - Level 2.1 Dodging


You had 3 spell levels left.
You didn't know any spells.

Dungeon Overview and Level Annotations

Branches:
Dungeon (2/15)

Altars:

Annotations:
D:2 1 runed door, Sigmund


Innate Abilities, Weirdness & Mutations

You reflexively headbutt those who attack you in melee.
You have a pair of horns on your head.


Message History

Deactivating autopickup; reactivate with Ctrl-A.
Something hits you!
You start resting.
Something hits you.
You start resting.
Something hits you!
* * * LOW HITPOINT WARNING * * *
A puff of flame appears from out of thin air!
The puff of flame misses you.
A puff of flame appears from out of thin air!
The puff of flame hits you!
* * * LOW HITPOINT WARNING * * *
You start resting.
Something hits you.
* * * LOW HITPOINT WARNING * * *
Sigmund appears from thin air!
Reactivating autopickup.
You are feeling hungry.
Sigmund points at you and mumbles some strange words.
The puff of flame hits you!
You die...

#.#.......+.........
#.#....#.##.........
#.#.#.##.# #.......#
#........# ##.....#
###.###### ##.r.##
#.# ##+## #.# #.#
#.# #####.## #@#
#......# #.#
#.##...## #.#
#.#.....# #@#
#####@##...###
##.###...#.###.....
#.#......#.###..###
##.###..........#
### #########.##
######## #.###


You could see Sigmund.

Vanquished Creatures
  A worker ant (D:2)
  2 adders (D:2)
  An ooze (D:2)
  2 worms (D:2)
  2 leopard geckos
  A giant cockroach (D:1)
  3 goblins
  6 hobgoblins
  6 jackals (D:1)
  6 bats
  4 frilled lizards
  3 kobolds
  6 rats
43 creatures vanquished.

Notes
Turn   | Place    | Note
-------+----------+-------------------------------------------
     0 | D:1      | rrrobi the Minotaur Berserker began the quest for the Orb.
     0 | D:1      | Reached XP level 1. HP: 19/19 MP: 0/0
    97 | D:1      | Reached skill level 4 in Axes
   438 | D:1      | Reached XP level 2. HP: 22/26 MP: 1/1
  1077 | D:1      | Reached skill level 5 in Axes
  1320 | D:2      | Reached XP level 3. HP: 29/31 MP: 2/2
  1694 | D:2      | Noticed Sigmund
  1833 | D:2      | Reached skill level 6 in Axes
  1833 | D:2      | Reached XP level 4. HP: 39/39 MP: 3/3
  2102 | D:2      | Reached ** piety under Trog
  2614 | D:2      | Found a runed door.
  2717 | D:2      | HP: 1/39 [something (4)]
  2732 | D:2      | Killed from afar by Sigmund

Skill      XL: |  1  2  3 |
---------------+----------+-----
Axes           | 4 5 6 |  6.3
Fighting       | |  3.6
Armour         | |  2.4
Dodging        | |  2.1

Action                   |  1- 3 |  4- 6 || total
-------------------------+-------+-------++-------
Melee: Hand axe          |    69 |    22 ||    91
       Headbutt          |     7 |     5 ||    12
Throw: Stone             |    33 |    25 ||    58
Invok: Berserk           |     1 |       ||     1
  Eat: Chunk             |     4 |     2 ||     6
Armor: Animal skin       |     8 |     1 ||     9
Dodge: Dodged            |    39 |    11 ||    50
